 Dungeon Crawl Stone Soup version 0.29-a0-378-gc08b2e8bf8 (webtiles) character file.

Game seed: 13902396926799879932

201 trashops the Chopper (level 5, 0/69 HPs)
             Began as a Hill Orc Fighter on May 5, 2022.
             Was an Initiate of Okawaru.
             Slain by Duvessa
             ... wielding a +0 short sword
              (9 damage)
             ... on level 3 of the Dungeon.
             The game lasted 00:06:06 (3444 turns).

trashops the Chopper (Hill Orc Fighter)             Turns: 3444, Time: 00:06:06

Health: 0/69       AC: 22    Str: 19 (21) XL:     5   Next: 79%
Magic:  5/5        EV:  2    Int:  6 (8)  God:    Okawaru [......]
Gold:   198        SH:  4    Dex: 10      Spells: 4/4 levels left

rFire   . . .      SeeInvis .   a - +0 war axe
rCold   . . .      Faith    .   c - +0 buckler
rNeg    . . .      Spirit   .   (body armour currently unavailable)
rPois   +          Reflect  .   (helmet currently unavailable)
rElec   .          Harm     .   (cloak currently unavailable)
rCorr   .          Rampage  .   (gloves currently unavailable)
Will    .....      NoTele   +   (boots currently unavailable)
Stlth   +.........              (no amulet)
HPRegen 0.21/turn               (no ring)
MPRegen 0.09/turn               (no ring)

@: lit by a corona, tree-form (expiring), glowing
A: stationary, stasis, torment immunity, boosted hp
a: Renounce Religion


You were on level 3 of the Dungeon.
You worshipped Okawaru.
Okawaru was noncommittal.
You were a tree.
You visited 1 branch of the dungeon, and saw 4 of its levels.

You collected 198 gold pieces.

Inventory:

Hand Weapons
 a - a +0 war axe (weapon)
Armour
 b - a +0 scale mail
 c - a +0 buckler (worn)
 j - a +2 ring mail of cold resistance (melded)
Jewellery
 m - a +4 ring of evasion
 s - a ring of flight
 x - a +6 ring of dexterity
Scrolls
 f - 2 scrolls of silence {unknown}
 g - 3 scrolls of fear {unknown}
 i - a scroll of teleportation {unknown}
 k - a scroll of vulnerability {unknown}
 l - 3 scrolls of identify {unknown}
 n - a scroll of magic mapping {unknown}
 q - 2 scrolls of enchant armour {unknown}
 r - a scroll of enchant weapon {unknown}
 t - a scroll of blinking {unknown}
Potions
 e - 4 potions of curing


   Skills:
 + Level 4.2 Fighting
 * Level 5.8 Axes
 + Level 4.1 Armour
 + Level 4.1 Shields


You had 4 spell levels left.
You didn't know any spells.
Your spell library contained the following spells:

 Spells                   Type           Power      Damage    Failure   Level
 Slow                     Hex            0%         N/A       54%         1
 Blink                    Tloc           0%         N/A       67%         2
 Confusing Touch          Hex            0%         N/A       88%         3
 Vampiric Draining        Necr           0%         2d6       88%         3
 Hailstorm                Conj/Ice       0%         3d3       99%         4
 Ice Form                 Ice/Tmut       0%         N/A       99%         4
 Manifold Assault         Tloc           0%         N/A       100%        5
 Storm Form               Tmut/Air       0%         N/A       100%        7
 Simulacrum               Ice/Necr       Unusable   N/A       N/A         6

Dungeon Overview and Level Annotations

Branches:
Dungeon (4/15)
 Temple: D:4-7

Altars:
Okawaru

Shops:
D:2 (

Annotations:
D:3 Duvessa


Message History

Duvessa is heavily wounded.
You block Duvessa's attack. Duvessa hits you with a +0 short sword.
* * * LOW HITPOINT WARNING * * *
You feel much better. Duvessa hits you with a +0 short sword!
Duvessa hits you but does no damage.
You hit Duvessa.
Duvessa is heavily wounded.
Duvessa hits you with a +0 short sword! Duvessa hits you but does no damage.
You barely miss Duvessa.
Duvessa is heavily wounded.
Duvessa hits you with a +0 short sword. Duvessa hits you but does no damage.
You barely miss Duvessa.
Duvessa is heavily wounded.
Duvessa hits you but does no damage.
You closely miss Duvessa.
Duvessa is heavily wounded.
You block Duvessa's attack. Duvessa hits you but does no damage.
You slash Duvessa!
Duvessa is severely wounded.
Duvessa hits you with a +0 short sword. You block Duvessa's attack.
You hit Duvessa but do no damage.
Duvessa is severely wounded.
Duvessa hits you with a +0 short sword.
* * * LOW HITPOINT WARNING * * *
Duvessa hits you but does no damage.
You hit Duvessa.
Duvessa is almost dead.
Your transformation is almost over.
Duvessa hits you with a +0 short sword.
* * * LOW HITPOINT WARNING * * *
You block Duvessa's attack.
You barely miss Duvessa.
Duvessa is almost dead.
You block Duvessa's attack. Duvessa hits you but does no damage.
You hit Duvessa.
Duvessa is almost dead.
Duvessa hits you with a +0 short sword!
* * * LOW HITPOINT WARNING * * *
Duvessa hits you with a +0 short sword!
You die...

##....#.#####.#########.# #.#
#.....'....##.# #.# #.#
#.....#.##....# #.# #.###
##.....#.####### #.# #....
)......#.....# #.# ####.
############.###########.#######.
.................................
############.###########.########
..........<....)♣# #.#
######.#####.###e# #.# #### #.#
#.# #.# #.# ...# #.#####.###.#
#.#
...###.....#.....#######.########
#...##.###.#...........#.........
#.#.##.#...#.#########.##########
#.#.##.#............[#.#
#.#..........#.......#.#


You could see Duvessa (berserk, fast).

Vanquished Creatures
  Dowan (D:3)
  Jessica (D:2)
  5 adders
  A worm (D:3)
  2 dart slugs (D:1)
  8 orcs (D:3)
  4 endoplasms
  3 giant cockroaches
  5 goblins
  5 hobgoblins
  5 quokkas
  4 ball pythons
  11 bats
  2 frilled lizards (D:1)
  6 kobolds
  5 rats
68 creatures vanquished.

Notes
Turn   | Place    | Note
-------+----------+-------------------------------------------
     0 | D:1      | trashops the Hill Orc Fighter began the quest for the Orb.
     0 | D:1      | Reached XP level 1. HP: 19/19 MP: 1/1
   107 | D:1      | Reached XP level 2. HP: 21/27 MP: 2/2
   180 | D:1      | Reached skill level 3 in Axes
   485 | D:1      | Reached XP level 3. HP: 33/33 MP: 3/3
  1360 | D:2      | Noticed Jessica
  1390 | D:2      | Killed Jessica
  1391 | D:2      | Reached skill level 4 in Axes
  1391 | D:2      | Reached XP level 4. HP: 11/40 MP: 4/4
  1666 | D:2      | Found Afrekob's Weapon Shop.
  1790 | D:2      | Found an iron altar of Okawaru.
  1806 | D:2      | Became a worshipper of Warmaster Okawaru
  1895 | D:2      | Found a faded altar of an unknown god.
  2734 | D:3      | Reached XP level 5. HP: 46/46 MP: 5/5
  2828 | D:3      | Reached skill level 5 in Axes
  3224 | D:4      | Noticed Dowan
  3225 | D:4      | Noticed Duvessa
  3226 | D:4      | Noticed a phantom
  3432 | D:3      | Killed Dowan
  3444 | D:3      | Slain by Duvessa

Illustrated notes

Levels and vault maps discovered:
D:1:      wander_arrival_abandoned_jail, layout_loops_ring, minmay_domino_4
D:2:      layout_basic, basic_altar, serial_shops, shop,
          ebering_ecumenical_altar_box, minmay_strange_pillars, uniq_jessica
D:3:      layout_basic
D:4:      layout_cave_pools, uniq_duvessa

Skill      XL: |  1  2  3  4  5 |
---------------+----------------+-----
Axes           | 3 4 5 |  5.8
Fighting       | 4 |  4.2
Shields        | 4 |  4.1
Armour         | 4 |  4.1

Action                   |  1- 3 |  4- 6 || total
-------------------------+-------+-------++-------
Melee: War axe           |   104 |   106 ||   210
  Use: Potion            |       |    10 ||    10
Armor: Scale mail        |    29 |       ||    29
       Ring mail         |    44 |    61 ||   105
       Skin              |       |    20 ||    20
Dodge: Dodged            |    81 |    75 ||   156
Block: Buckler           |    33 |    52 ||    85

Table legend: (Time is in decaauts)
 A = Elapsed time spent in this place.
 B = Non-inter-level travel time spent in this place.
 C = Inter-level travel time spent in this place.
 D = Time resting spent in this place.
 E = Time spent auto-exploring this place.
 F = Levels seen in this place.
 G = Mean time per level.
                   A        B        C        D        E       F      G
               +--------+--------+--------+--------+--------+-----+--------+
         Total |   3515 |   3420 |     95 |    352 |   2340 |   4 |  878.8 |
       Dungeon |   3515 |   3420 |     95 |    352 |   2340 |   4 |  878.8 |
               +--------+--------+--------+--------+--------+-----+--------+

Top non-repeatable levels by time:
     D:1: 1195 daAuts
     D:3: 1112 daAuts
     D:2: 1054 daAuts
     D:4: 153 daAuts
